 Dungeon Crawl Stone Soup version 0.29-a0-982-gaed3a0c8d8 (webtiles) character file.

Game seed: 3527652011370653665

71 Newt the Insei (level 4, -1/28 HPs)
             Began as an Octopode Transmuter on Aug 1, 2022.
             Slain by an endoplasm (3 damage)
             ... on level 2 of the Dungeon.
             The game lasted 00:01:45 (1933 turns).

Newt the Insei (Octopode Transmuter)                Turns: 1933, Time: 00:01:45

Health: -1/28      AC: -3    Str: 11    XL:     4   Next: 24%
Magic:  5/7        EV: 13    Int: 15    God:
Gold:   91         SH:  0    Dex: 12    Spells: 4/7 levels left

rFire   . . .      SeeInvis .   f - +2 whip (venom)
rCold   . . .      Faith    .   (no shield)
rNeg    . . .      Spirit   .   (helmet currently unavailable)
rPois   .          Reflect  .   (no amulet)
rElec   .          Harm     .   (no ring)
rCorr   .          Rampage  .   (no ring)
Will    .....                   (no ring)
Stlth   +++.......              (no ring)
HPRegen 0.09/turn               (no ring)
MPRegen 0.10/turn               (no ring)
                                (no ring)
                                (no ring)

@: appendages (expiring), corroded
A: tentacle spike 3, almost no armour, amphibious, 8 rings, camouflage 1,
gelatinous body 1, (nimble swimmer 1), tentacles
a: End Transformation


You were on level 2 of the Dungeon.
One of your tentacles had grown a beastly spike.
You visited 1 branch of the dungeon, and saw 2 of its levels.

You collected 91 gold pieces.

Inventory:

Hand Weapons
 f - a +2 whip of venom (weapon)
Scrolls
 c - 2 scrolls of amnesia {unknown}
 d - 4 scrolls of identify {unknown}
 e - a scroll of enchant armour {unknown}
 g - a scroll of vulnerability {unknown}
Potions
 a - a potion of lignification
 b - a potion of experience {unknown}


   Skills:
 + Level 1.2 Fighting
 + Level 0.1 Maces & Flails
 + Level 2.2 Dodging
 + Level 1.7 Stealth
 + Level 3.8 Unarmed Combat
 + Level 2.4 Spellcasting
 + Level 2.5 Transmutations


You had 4 spell levels left.
You knew the following spells:

 Your Spells              Type           Power      Damage    Failure   Level
a - Beastly Appendage     Tmut           18%        N/A       8%          1
b - Wereblood             Tmut           9%         N/A       12%         2

Your spell library contained the following spells:

 Spells                   Type           Power      Damage    Failure   Level
 Spider Form              Tmut/Pois      5%         N/A       36%         3
 Ice Form                 Ice/Tmut       5%         N/A       77%         4


Dungeon Overview and Level Annotations

Branches:
Dungeon (2/15)

Altars:

Shops:
D:1 (


Innate Abilities, Weirdness & Mutations

One of your tentacles has grown a beastly spike.
You cannot wear most types of armour.
You are amphibious.
You can wear up to eight rings at the same time.
Your skin changes colour to match your surroundings (Stealth+).
Your rubbery body absorbs attacks. (AC +1, EV +1)
((You are camouflaged when in or above water. (Stealth+)))
You have tentacles for arms and can constrict up to eight enemies at once.


Message History

Your tentacles burn!
You pierce the jelly, but do no damage.
You squeeze the jelly!
The jelly is almost dead.
The endoplasm hits the fungus.
The fungus begins to die.
Something hits the fungus.
The jelly completely misses you.
You hit the jelly.
You kill the jelly!
Something hits the fungus. x2; The fungus begins to die.
You have reached level 4!
You hit the endoplasm but do no damage.
You pierce the endoplasm, but do no damage.
Your transformation is almost over.
The endoplasm freezes you.
You are frozen.
* * * LOW HITPOINT WARNING * * *
Something hits the fungus.
You hit the endoplasm but do no damage.
The endoplasm is poisoned.
The endoplasm misses you.
Something hits the fungus. x2
You hit the endoplasm but do no damage.
The endoplasm looks even sicker.
The endoplasm barely misses you.
Something hits the fungus.
The endoplasm hits you.
* * * LOW HITPOINT WARNING * * *
Unknown command.
You hit the endoplasm.
You kill the endoplasm!
A nearby fungus withers and dies. x2 9 endoplasms come into view.
Found five items.
The endoplasm jiggles.
There is an open door here.
The endoplasm quivers. x2
You hit the endoplasm but do no damage.
The endoplasm is poisoned.
Your tentacle spike misses the endoplasm.
Your tentacle-slap misses the endoplasm.
You squeeze the endoplasm, but do no damage.
The endoplasm freezes you.
You are frozen.
* * * LOW HITPOINT WARNING * * *
The endoplasm attacks as you move away! The endoplasm hits you.
You die...

#####.#
#......[#
#.#.#.#.#
......#
#...)...#
#.#...#.#
#######
#.......#
#.#.###.#
#.......#
#.#.# #.#
####....#
##.#.###.#
##..'....#
#........#
#.########
#.##.#.###
##....).##
#.......#
#######@#
###.##.#..###
...J.JJJ.#
............
...J÷J..÷#
#.#.##.#..###
......JP.# .
#<......#
...÷.÷.J.#
#......##
..÷....J.#
#......#
$.......÷#
####.###
##########
#.# #.#


You could see 9 endoplasms.

Vanquished Creatures
  A jelly (D:2)
  An adder (D:2)
  2 dart slugs
  4 ball pythons
  An endoplasm (D:2)
  3 goblins (D:1)
  3 hobgoblins
  2 jackals (D:1)
  A quokka (D:1)
  A frilled lizard (D:1)
  8 kobolds
  3 rats
30 creatures vanquished.

Vanquished Creatures (others)
  5 fungi (D:2)
  8 toadstools (D:2)
13 creatures vanquished.

Grand Total: 43 creatures vanquished

Notes
Turn   | Place    | Note
-------+----------+-------------------------------------------
     0 | D:1      | Newt the Octopode Transmuter began the quest for the Orb.
     0 | D:1      | Reached XP level 1. HP: 13/13 MP: 3/3
    17 | D:1      | Found Lariadecw's Antique Weapon Shop.
   246 | D:1      | Reached XP level 2. HP: 17/18 MP: 3/5
   249 | D:1      | Learned a level 2 spell: Wereblood
  1432 | D:2      | Reached XP level 3. HP: 17/23 MP: 4/6
  1623 | D:2      | Reached skill level 1 in Stealth
  1927 | D:2      | Reached XP level 4. HP: 10/28 MP: 5/7
  1933 | D:2      | Slain by an endoplasm

Illustrated notes

Levels and vault maps discovered:
D:1:      eino_arrival_tree_alley, layout_basic, serial_shops,
          nicolae_square_shop
D:2:      cheibrodos_fertilizer, layout_loops_corners

Skill      XL: |  1  2  3 |
---------------+----------+-----
Stealth        | 1 |  1.7
Fighting       | |  1.2
Maces & Flails | |  0.1
Dodging        | |  2.2
Unarmed Combat | |  3.8
Spellcasting   | |  2.4
Transmutations | |  2.5

Action                   |  1- 3 |  4- 6 || total
-------------------------+-------+-------++-------
Melee: Unarmed           |    29 |       ||    29
       Constrict         |    15 |       ||    15
       Kick              |     9 |     1 ||    10
       Tentacles         |     5 |     1 ||     6
       Whip              |    28 |     5 ||    33
 Cast: Beastly Appendage |    10 |       ||    10
       Wereblood         |     1 |       ||     1
 Stab: Sleeping          |     5 |       ||     5
Armor: Skin              |     5 |       ||     5
Dodge: Dodged            |    34 |     2 ||    36

Table legend: (Time is in decaauts)
 A = Elapsed time spent in this place.
 B = Non-inter-level travel time spent in this place.
 C = Inter-level travel time spent in this place.
 D = Time resting spent in this place.
 E = Time spent auto-exploring this place.
 F = Levels seen in this place.
 G = Mean time per level.
                   A        B        C        D        E       F      G
               +--------+--------+--------+--------+--------+-----+--------+
         Total |   1933 |   1923 |     10 |      0 |   1734 |   2 |  966.5 |
       Dungeon |   1933 |   1923 |     10 |      0 |   1734 |   2 |  966.5 |
               +--------+--------+--------+--------+--------+-----+--------+

Top non-repeatable levels by time:
     D:1: 1328 daAuts
     D:2: 605 daAuts
